 Dungeon Sprint DCSS version 0.30.0-29-ga12c61a403 (webtiles) character file.

Game seed: 53520407687018937

6400000 Revguard the Heavyweight Champion (level 26, -25/314 HPs)
             Began as a Troll Gladiator on June 7, 2023.
             Was the Champion of Makhleb.
             Annihilated by a large bag of meat
             ... wielding a +9 giant spiked club
              (98 damage)
             ... in the Dungeon (Sprint VIII: "Arena of Blood").
             The game lasted 00:06:21 (64 turns).

Revguard the Heavyweight Champion (Troll Gladiator)   Turns: 64, Time: 00:06:22

Health: -25/314    AC:  6    Str: 29    XL:     26   Next: 65%
Magic:  22/39      EV: 28    Int:  4    God:    Makhleb [******]
Gold:   0          SH:  0    Dex: 19    Spells: 49/49 levels left

rFire   . . .        l - +∞ Axe of Woe
rCold   . . .        (shield currently unavailable)
rNeg    . . .        b - +0 robe
rPois   .            c - +0 hat
rElec   .            (no cloak)
rCorr   .            (gloves unavailable)
SInv    .            (boots unavailable)
Will    +....        (no amulet)
Stlth   ++++++++++   (no ring)
HPRegen 1.52/turn    (no ring)
MPRegen 0.26/turn

%: no teleportation
@: no status effects
A: large, unfitting armour, claws 3, regeneration 1, shaggy fur 1, tough skin 1
a: Renounce Religion, Minor Destruction, Lesser Servant of Makhleb, Major
Destruction, Greater Servant of Makhleb


You were in the Dungeon.
You worshipped Makhleb.
Makhleb was exalted by your worship.
You visited 1 branch

Inventory:

Hand Weapons
 a - a +0 war axe
 l - the +∞ Axe of Woe (weapon)
   (You found it in the Dungeon)
Missiles
 d - 3 throwing nets (quivered)
 e - a large rock
Armour
 b - a +0 robe (worn)
 c - a +0 hat (worn)
Potions
 f - a potion of curing
 h - a potion of haste
 i - 2 potions of magic
 j - a potion of berserk rage


   Skills:
 O Level 27 Fighting
 + Level 15.7(18.4) Short Blades
 + Level 15.7(18.4) Long Blades
 O Level 27 Axes
 + Level 17.1(26.7) Maces & Flails
 + Level 15.7(24.7) Polearms
 + Level 15.7(20.6) Staves
 + Level 13.3 Ranged Weapons
 O Level 27 Throwing
 O Level 27 Armour
 O Level 27 Dodging
 O Level 27 Stealth
 + Level 17.1 Shields
 O Level 27 Unarmed Combat
 + Level 12.3 Spellcasting
 + Level 14.5 Conjurations
 + Level 13.3 Hexes
 + Level 14.5 Summonings
 + Level 15.7 Necromancy
 + Level 14.5 Translocations
 + Level 14.4 Transmutations
 + Level 14.5 Fire Magic
 + Level 14.5 Ice Magic
 + Level 13.3 Air Magic
 + Level 17.1 Earth Magic
 + Level 14.5 Poison Magic
 O Level 27 Invocations
 O Level 27 Evocations


You had 49 spell levels left.
You didn't know any spells.
Your spell library was empty.

Dungeon Overview and Level Annotations

Branches:
Dungeon (1/1)

Altars:
Makhleb


Innate Abilities, Weirdness & Mutations

You are too large for most types of armour.
You have claws for hands.
Your natural rate of healing is unusually fast.
You are covered in fur. (AC +1)
You have tough skin. (AC +1)


Message History

Makhleb accepts your kill.
The meat berserker rages.
You hear a shout! x2
The destroyer casts a spell at you.
The destroyer blinks!
The meat berserker rages.
The accursed is engulfed in blazing flames.
The accursed gestures at you while chanting.
Something smites you!
A bag of meat comes into view. It is wielding a +9 war axe. x2
You hear a shout! x3
Your base Maces & Flails skill increases to level 17!
Your Ranged Weapons skill increases to level 13!
Your Shields skill increases to level 17!
Your Spellcasting skill increases to level 12!
Your Hexes skill increases to level 13!
Your Air Magic skill increases to level 13!
Your Earth Magic skill increases to level 17!
A demon appears!
You hear a shout!
Your balrug gestures at the accursed.
The bolt of fire hits the accursed!!!
You hear a shout!
The accursed gestures at you while chanting.
Something smites you!
You hear a shout! x2
Your blizzard demon hits the meat berserker!!
Your blizzard demon hits the meat berserker!
You hear a shout!
The accursed points at you and mumbles some strange words.
Something smites you!
The meat berserker hits your blizzard demon with a +9 battleaxe!!!
Your blizzard demon dies!
Your blizzard demon disappears in a puff of smoke!
You hear a shout!
The accursed is engulfed in blazing flames.
The large bag of meat hits you with a +9 giant spiked club!!!!
* * * LOW HITPOINT WARNING * * *
The large bag of meat hits you with a +9 giant spiked club!!!!
You die...

........ ..oV.###......
......o ....#V.... ....
.......
..oooo..#........ o.....
..zoo....#....... #ooo..
...WOOo.....#.... #Ooo..
oOO.§o§#......###)§O..
#.Oo)2........).o###
#o@2.O..#.§...).)_.
#.)OM.#.......#..)§
....O###M)........#_.<.
..LV##.)o☼#§......#....
....#....°))○#........_.
....#....°☼☼L).......###
..M.......☼)°°X.###...
....o......○XX°...#..
...........○....#..


You could see 3 accurseds, a tentacled monstrosity (summoned), 2 tyrants, 3
destroyers, a sculptor of flesh, 2 large bags of meat, 2 large abominations, a
dread, 6 meat berserkers, 13 bags of meat, a friendly balrug (summoned) and a
friendly blizzard demon (summoned).

Vanquished Creatures
  A royal mummy (D)
  10 vampire knights (D)
  23 ogres (D)
  5 two-headed ogres (D)
  59 orcs (D)
  4 skeletal warriors (D)
102 creatures vanquished.

Notes
Turn   | Place    | Note
-------+----------+-------------------------------------------
     0 | D        | Found the +∞ Axe of Woe
     0 | D        | Revguard the Troll Gladiator began the quest for the Orb.
     0 | D        | Reached XP level 1. HP: 19/19 MP: 0/0
     1 | D        | Noticed a bag of meat
     2 | D        | Noticed a bag of meat
     3 | D        | Became a worshipper of Makhleb the Destroyer
     3 | D        | Noticed a bag of meat
     4 | D        | Noticed a bag of meat
     6 | D        | Noticed a meat berserker
     6 | D        | Noticed a bag of meat
     7 | D        | Noticed a bag of meat
     7 | D        | Noticed a bag of meat
     8 | D        | Killed a bag of meat
     9 | D        | Reached skill level 10 in Fighting
     9 | D        | Reached skill level 10 in Axes
     9 | D        | Reached skill level 10 in Armour
     9 | D        | Reached skill level 10 in Dodging
     9 | D        | Reached XP level 2. HP: 45/45 MP: 1/1
     9 | D        | Reached XP level 3. HP: 53/53 MP: 2/2
     9 | D        | Reached XP level 4. HP: 61/61 MP: 3/3
     9 | D        | Reached XP level 5. HP: 68/68 MP: 4/4
     9 | D        | Reached XP level 6. HP: 78/78 MP: 5/5
     9 | D        | Reached XP level 7. HP: 85/85 MP: 6/6
     9 | D        | Reached XP level 8. HP: 93/93 MP: 7/7
     9 | D        | Reached XP level 9. HP: 101/101 MP: 8/8
     9 | D        | Reached XP level 10. HP: 110/110 MP: 9/9
    10 | D        | Killed a bag of meat
    10 | D        | Reached * piety under Makhleb
    10 | D        | Killed a meat berserker
    11 | D        | Reached skill level 15 in Unarmed Combat
    11 | D        | Reached XP level 11. HP: 29/127 MP: 10/10
    11 | D        | Reached XP level 12. HP: 31/136 MP: 11/11
    11 | D        | Reached XP level 13. HP: 33/144 MP: 12/12
    12 | D        | Killed a bag of meat
    12 | D        | Killed a bag of meat
    12 | D        | Reached ** piety under Makhleb
    13 | D        | Killed a bag of meat
    13 | D        | Noticed a meat berserker
    14 | D        | Reached skill level 15 in Fighting
    14 | D        | Reached skill level 15 in Axes
    14 | D        | Reached skill level 15 in Armour
    14 | D        | Reached skill level 15 in Dodging
    14 | D        | Reached XP level 14. HP: 88/159 MP: 12/18
    14 | D        | Killed a bag of meat
    15 | D        | Noticed a meat berserker
    16 | D        | Noticed a bag of meat
    16 | D        | Noticed a bag of meat
    16 | D        | Noticed a meat berserker
    17 | D        | Noticed a bag of meat
    17 | D        | Noticed a bag of meat
    17 | D        | Noticed a meat berserker
    17 | D        | Noticed a meat berserker
    18 | D        | Killed a meat berserker
    18 | D        | Reached *** piety under Makhleb
    18 | D        | Killed a meat berserker
    18 | D        | Noticed a bag of meat
    18 | D        | Noticed a bag of meat
    18 | D        | Noticed a meat berserker
    18 | D        | Noticed a bag of meat
    19 | D        | Reached XP level 15. HP: 118/174 MP: 13/22
    19 | D        | Noticed a meat berserker
    19 | D        | Noticed a destroyer
    20 | D        | Killed a meat berserker
    20 | D        | Killed a meat berserker
    20 | D        | Reached **** piety under Makhleb
    21 | D        | Reached XP level 16. HP: 188/188 MP: 13/25
    21 | D        | Killed a destroyer
    21 | D        | Reached ***** piety under Makhleb
    21 | D        | Noticed a large bag of meat
    22 | D        | Killed a meat berserker
    23 | D        | Reached XP level 17. HP: 204/204 MP: 13/28
    23 | D        | Killed a meat berserker
    23 | D        | Killed a meat berserker
    23 | D        | Noticed a large bag of meat
    24 | D        | Noticed a destroyer
    24 | D        | Noticed a meat berserker
    26 | D        | Reached XP level 18. HP: 219/219 MP: 14/31
    27 | D        | Noticed a meat berserker
    28 | D        | Noticed a destroyer
    29 | D        | Killed a meat berserker
    30 | D        | Reached skill level 27 in Unarmed Combat
    30 | D        | Noticed a meat berserker
    30 | D        | HP: 4/223 [large bag of meat/+9 giant spiked club (130)]
    31 | D        | Noticed a large bag of meat
    31 | D        | Noticed a meat berserker
    31 | D        | Noticed a destroyer
    31 | D        | Noticed a meat berserker
    31 | D        | Noticed a meat berserker
    31 | D        | Noticed a destroyer
    31 | D        | Noticed a destroyer
    31 | D        | Noticed a meat berserker
    31 | D        | Noticed a meat berserker
    31 | D        | Noticed a destroyer
    32 | D        | Noticed a sculptor of flesh
    33 | D        | Noticed a sculptor of flesh
    33 | D        | Killed a destroyer
    33 | D        | Noticed a meat berserker
    34 | D        | Killed a meat berserker
    34 | D        | Noticed a large bag of meat
    35 | D        | Reached XP level 19. HP: 89/236 MP: 16/33
    35 | D        | Killed a destroyer
    35 | D        | Killed a destroyer
    35 | D        | Noticed a large bag of meat
    36 | D        | Noticed a meat berserker
    36 | D        | Reached ****** piety under Makhleb
    36 | D        | Noticed a meat berserker
    37 | D        | Reached skill level 27 in Fighting
    37 | D        | Reached skill level 27 in Axes
    37 | D        | Reached skill level 27 in Armour
    37 | D        | Reached skill level 27 in Dodging
    37 | D        | Reached skill level 27 in Invocations
    37 | D        | Reached XP level 20. HP: 224/256 MP: 16/36
    37 | D        | Killed a meat berserker
    37 | D        | Killed a meat berserker
    37 | D        | Killed a destroyer
    37 | D        | Killed a meat berserker
    38 | D        | Killed a meat berserker
    38 | D        | Killed a meat berserker
    39 | D        | Reached skill level 15 in Stealth
    39 | D        | Reached XP level 21. HP: 265/265 MP: 16/37
    39 | D        | Noticed a destroyer
    40 | D        | Killed a destroyer
    41 | D        | Killed a large bag of meat
    41 | D        | Killed a large bag of meat
    42 | D        | Reached skill level 27 in Throwing
    42 | D        | Reached XP level 22. HP: 191/275 MP: 17/38
    43 | D        | Reached skill level 27 in Evocations
    43 | D        | Noticed an accursed
    43 | D        | Noticed a destroyer
    44 | D        | Noticed an accursed
    44 | D        | Noticed an accursed
    45 | D        | Reached skill level 27 in Stealth
    45 | D        | Reached XP level 23. HP: 274/284 MP: 17/39
    45 | D        | Killed a destroyer
    46 | D        | Reached skill level 5 in Ranged Weapons
    46 | D        | Reached skill level 5 in Conjurations
    46 | D        | Reached skill level 5 in Hexes
    46 | D        | Reached skill level 5 in Summonings
    46 | D        | Reached skill level 5 in Translocations
    46 | D        | Reached skill level 5 in Transmutations
    46 | D        | Reached skill level 5 in Fire Magic
    46 | D        | Reached skill level 5 in Ice Magic
    46 | D        | Reached skill level 5 in Air Magic
    46 | D        | Reached skill level 5 in Poison Magic
    46 | D        | Killed a large bag of meat
    46 | D        | Killed a large bag of meat
    46 | D        | Killed a destroyer
    46 | D        | Noticed a large bag of meat
    47 | D        | Reached XP level 24. HP: 218/295 MP: 18/39
    47 | D        | Noticed a destroyer
    48 | D        | Killed an accursed
    49 | D        | Reached skill level 10 in Short Blades
    49 | D        | Reached skill level 10 in Long Blades
    49 | D        | Reached skill level 10 in Polearms
    49 | D        | Reached skill level 10 in Staves
    49 | D        | Reached skill level 10 in Necromancy
    50 | D        | Killed a large bag of meat
    51 | D        | Reached skill level 10 in Conjurations
    51 | D        | Reached skill level 10 in Summonings
    51 | D        | Reached skill level 10 in Translocations
    51 | D        | Reached skill level 10 in Transmutations
    51 | D        | Reached skill level 10 in Fire Magic
    51 | D        | Reached skill level 10 in Ice Magic
    51 | D        | Reached skill level 10 in Poison Magic
    51 | D        | Reached XP level 25. HP: 264/304 MP: 19/39
    51 | D        | Noticed a destroyer
    53 | D        | Reached skill level 10 in Ranged Weapons
    53 | D        | Reached skill level 10 in Hexes
    53 | D        | Reached skill level 10 in Air Magic
    54 | D        | Noticed a large bag of meat
    58 | D        | Reached skill level 10 in Spellcasting
    59 | D        | Noticed a dread
    59 | D        | Killed a destroyer
    59 | D        | Noticed a tyrant
    60 | D        | Reached skill level 15 in Maces & Flails
    60 | D        | Reached skill level 15 in Shields
    60 | D        | Reached skill level 15 in Earth Magic
    60 | D        | Reached XP level 26. HP: 266/314 MP: 21/39
    60 | D        | Noticed a tyrant
    60 | D        | Noticed an accursed
    60 | D        | Noticed a destroyer
    61 | D        | Noticed a dread
    61 | D        | Killed a destroyer
    62 | D        | Reached skill level 15 in Short Blades
    62 | D        | Reached skill level 15 in Long Blades
    62 | D        | Reached skill level 15 in Polearms
    62 | D        | Reached skill level 15 in Staves
    62 | D        | Reached skill level 15 in Necromancy
    63 | D        | Noticed a destroyer
    64 | D        | Annihilated by a large bag of meat

Illustrated notes

Levels and vault maps discovered:
D:        meatsprint

Skill      XL: |  1  2  3  4  5  6  7  8  9 10 11 12 13 14 15 16 17 18 19 20 21 22 23 24 25 26 |
---------------+-------------------------------------------------------------------------------+-----
Fighting       | 10 13 15 17 18 20 22 24 27 | 27.0
Axes           | 10 13 15 17 18 20 22 24 27 | 27.0
Armour         | 10 13 15 17 18 20 22 24 27 | 27.0
Dodging        | 10 13 15 17 18 20 22 24 27 | 27.0
Unarmed Combat | 11 15 17 19 21 24 26 27 | 27.0
Invocations    | 7 11 14 17 20 23 27 | 27.0
Throwing       | 21 27 | 27.0
Stealth        | 15 22 27 | 27.0
Evocations     | 17 25 27 | 27.0
Short Blades   | 2 8 11 14 15 | 15.7
Long Blades    | 2 8 11 14 15 | 15.7
Maces & Flails | 3 9 12 15 17 | 17.1
Polearms       | 2 8 11 14 15 | 15.7
Staves         | 3 8 11 14 15 | 15.7
Ranged Weapons | 2 7 9 12 13 | 13.3
Shields        | 3 9 12 15 17 | 17.1
Spellcasting   | 2 6 8 11 12 | 12.3
Conjurations   | 2 7 10 13 14 | 14.5
Hexes          | 2 7 9 12 13 | 13.3
Summonings     | 2 7 10 13 14 | 14.5
Necromancy     | 2 8 11 14 15 | 15.7
Translocations | 2 7 10 13 14 | 14.5
Transmutations | 2 7 10 13 14 | 14.4
Fire Magic     | 2 7 10 13 14 | 14.5
Ice Magic      | 2 7 10 13 14 | 14.5
Air Magic      | 2 7 9 12 13 | 13.3
Earth Magic    | 3 9 12 15 17 | 17.1
Poison Magic   | 2 7 10 13 14 | 14.5

Action                     |  1- 3 |  4- 6 |  7- 9 | 10-12 | 13-15 | 16-18 | 19-21 | 22-24 | 25-27 || total
---------------------------+-------+-------+-------+-------+-------+-------+-------+-------+-------++-------
  Melee: Executioner's axe |     1 |       |       |     1 |     5 |     8 |     7 |     6 |     7 ||    35
 Invoke: Greater Servant o |       |       |       |       |       |     2 |       |       |     4 ||     6
         Major Destruction |       |       |       |       |       |     1 |       |       |       ||     1
    Use: Scroll            |       |       |       |       |       |     1 |       |       |       ||     1
         Potion            |       |       |       |       |       |     1 |       |       |       ||     1
  Dodge: Dodged            |       |       |       |       |     1 |       |       |     1 |     1 ||     3
